 Dungeon Crawl Stone Soup version 0.27-a0-1196-g3e9cee4cb2 (webtiles) character file.

Game seed: 8449114727690023429

57 pokeman the Magician (level 3, 0/20 HPs)
             Began as a Deep Elf Hedge Wizard on May 29, 2021.
             Slain by an orc wizard
             ... wielding a +0 dagger
              (1 damage)
             ... on level 3 of the Dungeon.
             The game lasted 00:03:50 (2888 turns).

pokeman the Magician (Deep Elf Hedge Wizard)        Turns: 2888, Time: 00:03:51

Health: 0/20       AC:  2    Str:  7    XL:     3   Next: 73%
Magic:  1/11       EV: 12    Int: 19    God:
Gold:   99         SH:  0    Dex: 14    Spells: 1/12 levels left

rFire    . . .     SeeInvis .   e - +0 whip (drain)
rCold    . . .     Faith    .   (no shield)
rNeg     . . .     Spirit   .   b - +0 robe
rPois    .         Reflect  .   c - +0 hat
rElec    .         Harm     .   (no cloak)
rCorr    .         Rampage  .   (no gloves)
Will     .....                  (no boots)
Stlth    +.........             (no amulet)
HPRegen  0.06/turn              (no ring)
MPRegen  0.12/turn              (no ring)

@: confused
A: no striking features
a: no special abilities


You were on level 3 of the Dungeon.
You visited 1 branch of the dungeon, and saw 3 of its levels.

You collected 99 gold pieces.

Inventory:

Hand Weapons
 e - a +0 whip of draining (weapon)
Missiles
 n - 34 arrows
Armour
 b - a +0 robe (worn)
 c - a +0 hat (worn)
Wands
 p - a wand of iceblast (3)
Scrolls
 g - 3 scrolls of teleportation {unknown}
 h - a scroll of fog {unknown}
 i - a scroll of enchant armour {unknown}
 k - a scroll of amnesia {unknown}
 l - a scroll of enchant weapon {unknown}
 m - a scroll of fear {unknown}
Potions
 a - a potion of flight {unknown}
 d - a potion of haste {unknown}
 f - a potion of heal wounds {unknown}
 j - a potion of curing {unknown}
 o - a potion of attraction {unknown}


   Skills:
 - Level 1.0 Fighting
 - Level 1.0 Armour
 + Level 2.5 Dodging
 - Level 2.4 Stealth
 * Level 5.3 Spellcasting
 + Level 2.0 Conjurations
 - Level 1.1 Summonings
 - Level 1.1 Translocations
 + Level 0.1 Fire Magic


You had one spell level left.
You knew the following spells:

 Your Spells              Type           Power      Damage    Failure   Level
a - Magic Dart            Conj           48%        1d5       5%          1
b - Mephitic Cloud        Conj/Pois/Air  7%         N/A       26%         3
c - Call Imp              Summ           9%         N/A       12%         2
d - Blink                 Tloc           N/A        N/A       12%         2
e - Conjure Flame         Conj/Fire      9%         6-21      22%         3

Your spell library contained the following spells:

 Spells                   Type           Power      Damage    Failure   Level
 Slow                     Hex            5%         N/A       19%         2
 Gell's Gravitas          Tloc           4%         N/A       22%         3
 Confusing Touch          Hex            5%         N/A       34%         3
 Petrify                  Tmut/Erth      5%         N/A       75%         4
 Metabolic Englaciation   Hex/Ice        2%         N/A       97%         5
 Yara's Violent Unravell  Hex/Tmut       2%         3d3       97%         5


Dungeon Overview and Level Annotations

Branches:
Dungeon (3/15)

Altars:

Annotations:
D:3 Grinder


Message History

You hit the jackal but do no damage.
The jackal bites you but does no damage.
You closely miss the jackal.
The jackal bites you but does no damage.
The jackal misses you.
You completely miss the jackal. The jackal barely misses you.
You closely miss the jackal. The jackal closely misses you. x2
You hit the jackal. You drain the jackal.
You kill the jackal!
A jackal comes into view.
Casting: Magic Dart (safe; 5% risk of failure)
Confirm with . or Enter, or press ? or * to list all spells.
The spell is extremely dangerous to cast (26% risk of failure)!
Continue anyway?
Aiming: Mephitic Cloud (extremely dangerous; 26% risk of failure)
Press: ? - help, Shift-Dir - straight line, f - orc
Aim: an orc, wielding a +0 whip (heavily wounded, chance to affect: 96%)
The ball explodes into a vile cloud!
The stinking cloud engulfs something but does no damage.
The stinking cloud engulfs the orc but does no damage.
The orc is heavily wounded.
The stinking cloud engulfs you but does no damage.
The jackal barks! x2
You are engulfed in noxious fumes.
You choke on the stench!
You are confused.
* * * LOW HITPOINT WARNING * * *
Something hits the orc.
Unknown command.
Unknown command.
You bump into the rock wall.
You are engulfed in noxious fumes.
You choke on the stench!
You are more confused.
Something hits you.
* * * LOW HITPOINT WARNING * * *
Unknown command.
You closely miss something.
You are engulfed in noxious fumes.
You choke on the stench!
You are more confused.
* * * LOW HITPOINT WARNING * * *
Something barely misses you. Something hits you.
You die...

### ### ##.## ##.#######
# ##...###.#.......
#####.###.......###.#####
.....ho{@........#...#
##.##hâ—‹####.#####.##.#
# #.. #.# ####.#### #...
..# #.##.. #.#.. ####
#.##.. #.##.. #..... ...
... ####.. ## #.. #..
####


You could see an orc and 2 jackals.

Vanquished Creatures
  A worm (D:2)
  A dart slug (D:1)
  3 orcs (D:3)
  3 ball pythons (D:1)
  2 endoplasms
  A giant cockroach (D:2)
  3 goblins (D:1)
  6 hobgoblins
  4 jackals
  2 quokkas (D:1)
  5 bats
  3 frilled lizards (D:1)
  6 kobolds
  5 rats
45 creatures vanquished.

Notes
Turn   | Place    | Note
-------+----------+-------------------------------------------
     0 | D:1      | pokeman the Deep Elf Hedge Wizard began the quest for the
                  | Orb.
     0 | D:1      | Reached XP level 1. HP: 10/10 MP: 7/7
   310 | D:1      | Reached XP level 2. HP: 11/16 MP: 4/9
   844 | D:1      | Reached skill level 5 in Spellcasting
  1393 | D:1      | Found a faded altar of an unknown god.
  1465 | D:2      | Reached XP level 3. HP: 20/20 MP: 8/11
  1469 | D:2      | Learned a level 3 spell: Conjure Flame
  1472 | D:2      | Learned a level 2 spell: Call Imp
  1476 | D:2      | Learned a level 3 spell: Mephitic Cloud
  1496 | D:2      | Learned a level 2 spell: Blink
  2240 | D:2      | Reached skill level 1 in Fighting
  2406 | D:2      | Reached skill level 1 in Armour
  2474 | D:3      | Noticed Grinder
  2488 | D:3      | HP: 1/20 [Grinder (2)]
  2888 | D:3      | HP: 1/20 [cloud of noxious fumes (1)]
  2888 | D:3      | Slain by an orc wizard

Illustrated notes

Levels and vault maps discovered:
D:1:      psy_arrival_radial01, layout_loops_cross,
          chequers_ecumenical_altar_island
D:2:      layout_rooms
D:3:      layout_loops_ring, biasface_ghost_orc_armoury, minmay_misc_feat_chi,
          uniq_grinder

Skill      XL: |  1  2  3 |
---------------+----------+-----
Spellcasting   | 5 |  5.3
Fighting       | 1 |  1.0
Armour         | 1 |  1.0
Conjurations   | 2 |  2.0
Dodging        | |  2.5
Stealth        | |  2.4
Summonings     | |  1.1
Translocations | |  1.1
Fire Magic     | |  0.1

Action                   || total
-------------------------++-------
Melee: Whip              ||    35
 Cast: Magic Dart        ||   108
       Call Imp          ||     4
       Mephitic Cloud    ||     1
 Stab: Sleeping          ||     1
Armor: Robe              ||     8
Dodge: Dodged            ||    32

Table legend: (Time is in decaauts)
 A = Elapsed time spent in this place.
 B = Non-inter-level travel time spent in this place.
 C = Inter-level travel time spent in this place.
 D = Time resting spent in this place.
 E = Time spent auto-exploring this place.
 F = Levels seen in this place.
 G = Mean time per level.
                   A        B        C        D        E       F      G
               +--------+--------+--------+--------+--------+-----+--------+
         Total |   2898 |   2863 |     35 |    301 |   2286 |   3 |  966.0 |
       Dungeon |   2898 |   2863 |     35 |    301 |   2286 |   3 |  966.0 |
               +--------+--------+--------+--------+--------+-----+--------+

Top non-repeatable levels by time:
     D:1: 1461 daAuts
     D:2: 1323 daAuts
     D:3: 112 daAuts
